 Dungeon Crawl Stone Soup version 0.21-a0-104-g7b58145 (webtiles) character file.

2765 HAL9000 the Grappler (level 9, -1/64 HPs)
             Began as a Yellow Draconian Transmuter on July 5, 2017.
             Was a Follower of Kikubaaqudgha.
             Succumbed to a killer bee's poison
             ... on level 8 of the Dungeon.
             The game lasted 00:16:33 (9364 turns).

HAL9000 the Grappler (Yellow Draconian Transmuter)  Turns: 9364, Time: 00:16:34

Health: -1/64      AC:  7    Str: 15    XL:     9   Next: 42%
Magic:  9/12       EV: 12    Int: 15    God:    Kikubaaqudgha [*.....]
Gold:   318        SH:  0    Dex: 11    Spells: 1/12 levels left

rFire    . . .     SeeInvis .     - Unarmed
rCold    + . .     Gourm    .   (shield currently unavailable)
rNeg     . . .     Faith    .   (armour unavailable)
rPois    .         Spirit   .   (helmet restricted)
rElec    .         Reflect  .   (no cloak)
rCorr    +         Harm     .   (gloves currently unavailable)
MR       .....                  (no boots)
Stlth    +.........             y - amulet of magic regeneration
HPRegen  0.20/turn              D - ring of protection from fire
MPRegen  0.38/turn              E - ring of ice

@: lethally poisoned (-1 -> -18), short of breath, blade hands
A: spit acid, acid resistance, unfitting armour, cold-blooded, AC +7
a: Breathe Acid, End Transformation, Receive Corpses, Renounce Religion


You were on level 8 of the Dungeon.
You worshipped Kikubaaqudgha.
Kikubaaqudgha was aware of your devotion.
You were hungry.
You had blades for hands.
You visited 2 branches of the dungeon, and saw 9 of its levels.

You collected 318 gold pieces.

Inventory:

Missiles
 a - 91 arrows
Jewellery
 y - an amulet of magic regeneration (around neck)
 D - a ring of protection from fire (left scythe-like blade)
 E - a ring of ice (right scythe-like blade)
Wands
 w - a wand of paralysis (13/24)
 F - a wand of digging (4/24)
 G - a wand of paralysis (15/24)
Scrolls
 g - a scroll of fear
 h - 2 scrolls of recharging {unknown}
 i - 2 scrolls of noise {unknown}
 l - 2 scrolls of remove curse
 n - a scroll of random uselessness {unknown}
 o - 2 scrolls of enchant weapon {unknown}
 p - 2 scrolls of fog {unknown}
 u - 2 scrolls of magic mapping {unknown}
 v - 2 scrolls of teleportation
 x - 2 scrolls of amnesia {unknown}
 C - 2 scrolls of blinking {unknown}
 L - 2 scrolls of identify
Potions
 e - a potion of berserk rage {unknown}
 m - a potion of degeneration {unknown}
 r - 2 potions of curing
 t - a potion of ambrosia
 A - a potion of haste
 B - a potion of resistance {unknown}
 M - a potion of flight {unknown}
Books
 b - a book of Changes

   Spells                             Type                      Level
   a - Beastly Appendage              Transmutation                1
   b - Sticks to Snakes               Transmutation                2
   c - Spider Form                    Transmutation/Poison         3
   d - Ice Form                       Ice/Transmutation            4
   e - Blade Hands                    Transmutation                5
 J - Kikubaaqudgha's Reference Book on Stolen Souls {god gift}
   (Kikubaaqudgha gifted it to you on level 7 of the Dungeon)

   Spells                             Type                      Level
   a - Animate Skeleton               Necromancy                   1
   b - Corpse Rot                     Necromancy                   2
   c - Sublimation of Blood           Necromancy                   2
   d - Regeneration                   Charms/Necromancy            3
   e - Control Undead                 Necromancy                   4
Comestibles
 c - 6 bread rations
 j - 3 meat rations
 k - 2 royal jellies
 N - 2 chunks of flesh


   Skills:
 - Level 1.1 Fighting
 - Level 1.7 Dodging
 + Level 9.6 Unarmed Combat
 - Level 2.0 Spellcasting
 + Level 9.5 Transmutations


You had one spell level left.
You knew the following spells:

 Your Spells              Type           Power        Failure   Level  Hunger
a - Beastly Appendage     Tmut           ####..       11%         1    #......
b - Sticks to Snakes      Tmut           ####....     13%         2    ###....
c - Spider Form           Tmut/Pois      ###.......   45%         3    ###....
d - Blade Hands           Tmut           ####......   50%         5    ######.


Dungeon Overview and Level Annotations

Branches:
Dungeon (8/15)             Temple (1/1) D:5
   Lair: D:8-11

Altars:
Ashenzari
Cheibriados
Dithmenos
Elyvilon
Fedhas
Gozag
Hepliaklqana
Kikubaaqudgha
Makhleb
Nemelex Xobeh
Okawaru
Qazlal
Ru
Sif Muna
Trog
Uskayaw
Vehumet
Wu Jian
Xom
Yredelemnul
Zin
The Shining One

Shops:
D:4 =*


Innate Abilities, Weirdness & Mutations

You can spit globs of acid.
You are resistant to acid.
Your golden yellow scales are hard. (AC +7)
You cannot fit into any form of body armour.
You are cold-blooded and may be slowed by cold attacks.


Message History

The killer bee poisons you! The killer bee closely misses you.
As you read the scroll of fear, it crumbles to dust.
You assume a fearsome visage.
The killer bee looks frightened! x3
* * * LOW HITPOINT WARNING * * *
You feel sick.
Unknown command.
* * * LOW HITPOINT WARNING * * *
You feel sick.
* * * LOW HITPOINT WARNING * * *
You feel sick.
* * * LOW HITPOINT WARNING * * *
You feel sick.
Cornered, the killer bee turns to fight!
* * * LOW HITPOINT WARNING * * *
You feel sick. The killer bee stings you!
* * * LOW HITPOINT WARNING * * *
You closely miss the killer bee.
The killer bee is moderately wounded.
You die...
Kikubaaqudgha rasps: "You have failed me!
Welcome... death!"

#.............#
....
#.............#
....
#........y....#
....
#..).†........#
###
####.....[...?#
#.##########
#.#######
#######
#.#.....#
#.....#
#@#.###.#
#.###.# ##y#.#
#.# #.# #.#
#.(..# #.###.#
#.## ######
#.....# #...
####### ####


You could see a killer bee.

Vanquished Creatures
  The ghost of HAL9000 the Ruffian, an amateur DrTm (D:4)
  A hippogriff (D:6)
  A hungry ghost (D:6)
  4 orc warriors
  2 ice beasts (D:5)
  2 phantoms
  An eye of draining (D:6)
  3 centaurs
  2 bullfrogs (D:6)
  A wyvern zombie (D:7)
  A scorpion (D:4)
  2 howler monkeys
  5 crimson imps
  A jelly (D:5)
  2 orc priests (D:7)
  A bullfrog skeleton (D:5)
  2 centaur skeletons
  4 iguanas
  4 orc wizards (D:7)
  4 worker ants
  A hound skeleton (D:4)
  2 worker ant zombies (D:5)
  4 adders
  6 gnolls
  2 howler monkey skeletons (D:5)
  2 adder zombies (D:6)
  A worm (D:2)
  4 dart slugs
  3 leopard geckos
  14 orcs
  A ball python (D:1)
  9 bats
  8 giant cockroaches
  8 goblins
  5 hobgoblins
  16 jackals
  7 frilled lizards
  A giant cockroach zombie (D:6)
  A jackal skeleton (D:4)
  A jackal zombie (D:7)
  5 kobolds
  A leopard gecko zombie (D:5)
  2 quokka skeletons
  6 rats
154 creatures vanquished.

Vanquished Creatures (collateral kills)
  2 adders
  An orc (D:7)
  A rat (D:2)
4 creatures vanquished.

Grand Total: 158 creatures vanquished

Notes
Turn   | Place    | Note
-------+----------+-------------------------------------------
     0 | D:1      | HAL9000 the Draconian Transmuter began the quest for the Orb.
     0 | D:1      | Reached XP level 1. HP: 16/16 MP: 3/3
   183 | D:1      | Reached XP level 2. HP: 15/23 MP: 5/5
  1024 | D:1      | Reached XP level 3. HP: 22/28 MP: 4/6
  1415 | D:2      | Learned a level 2 spell: Sticks to Snakes
  1419 | D:2      | Learned a level 3 spell: Spider Form
  1683 | D:2      | Found a glowing silver altar of Zin.
  1806 | D:2      | Reached XP level 4. HP: 23/35 MP: 5/7
  2002 | D:2      | Found an iron altar of Okawaru.
  3035 | D:4      | Reached XP level 5. HP: 30/40 MP: 5/8
  3459 | D:4      | Noticed HAL9000's ghost (amateur DrTm)
  3481 | D:4      | Killed HAL9000's ghost
  3481 | D:4      | Reached skill level 5 in Unarmed Combat
  3481 | D:4      | Reached skill level 5 in Transmutations
  3481 | D:4      | Reached XP level 6. HP: 11/47 MP: 2/9
  3711 | D:4      | Found Hleikaty's Humungous Hoard.
  3965 | D:4      | Found Esuubluo's Jewellery Boutique.
  4092 | D:4      | Your scales start taking on a golden yellow colour.
  4092 | D:4      | Reached XP level 7. HP: 16/52 MP: 7/10
  4415 | D:4      | Found a burning altar of Makhleb.
  4482 | D:5      | Entered Level 5 of the Dungeon
  4844 | D:5      | Found a staircase to the Ecumenical Temple.
  4867 | Temple   | Entered the Ecumenical Temple
  5052 | Temple   | Became a worshipper of Kikubaaqudgha
  5915 | D:6      | Reached XP level 8. HP: 24/59 MP: 9/11
  6142 | D:6      | Noticed a hippogriff
  6853 | D:6      | Learned a level 5 spell: Blade Hands
  7190 | D:6      | Killed a hippogriff
  7759 | D:7      | Reached * piety under Kikubaaqudgha
  7759 | D:7      | Identified Kikubaaqudgha's Reference Book on Stolen Souls {god gift} (Kikubaaqudgha gifted it to you on level 7 of the Dungeon)
  7759 | D:7      | Received a gift from Kikubaaqudgha
  7955 | D:7      | Found a radiant altar of Vehumet.
  8005 | D:7      | Reached XP level 9. HP: 21/64 MP: 7/12
  8593 | D:7      | Found an ornate altar of the Wu Jian Council.
  8594 | D:7      | Found a blossoming altar of Fedhas.
  8595 | D:7      | Found a sacrificial altar of Ru.
  8598 | D:7      | Found a white marble altar of Elyvilon.
  8879 | D:7      | Found a hide-covered altar of Uskayaw.
  8986 | D:7      | Found a glowing golden altar of the Shining One.
  8998 | D:7      | Found an opulent altar of Gozag.
  9259 | D:8      | Found a sacrificial altar of Ru.
  9363 | D:8      | HP: 1/64 [killer bee (7)]
  9364 | D:8      | Succumbed to a killer bee's poison

Vault maps used:
D:1:      dpeg_arrival_line_fractal
D:2:      okawaru_gym_becter, zin_scriptorium, minmay_misc_feat_roman
D:3:      first_bread
D:4:      kennysheep_mini, serial_shops, nicolae_shop_behind_doors,
          nicolae_alphabet_shops
D:5:      minmay_temple_entry_glassed_door
D:6:      kennysheep_spiral_hall
D:7:      nicolae_overflow_quartered_altars, minitemple, grunt_ministairs_10
D:8:      basic_altar, minmay_diamond_spiral
Temple:   chequers_temple_sunken

Skill      XL: |  1  2  3  4  5  6  7  8  9 |
---------------+----------------------------+-----
Transmutations | 3 4 5 6 8 9 |  9.5
Unarmed Combat | 4 5 6 7 8 9 |  9.6
Fighting       | |  1.1
Dodging        | |  1.7
Spellcasting   | |  2.0

Action                   |  1- 3 |  4- 6 |  7- 9 || total
-------------------------+-------+-------+-------++-------
Melee: Unarmed           |   134 |   167 |   319 ||   620
       Tailslap          |    13 |    16 |    28 ||    57
       Punch             |     3 |     5 |    11 ||    19
       Headbutt          |     7 |       |       ||     7
       Kick              |     3 |     4 |       ||     7
 Cast: Beastly Appendage |    15 |     8 |     1 ||    24
       Sticks to Snakes  |     1 |     6 |    11 ||    18
       Spider Form       |       |     2 |     7 ||     9
       Blade Hands       |       |       |    11 ||    11
 Abil: End Transformatio |       |     1 |    13 ||    14
       Breathe Acid      |       |       |     4 ||     4
  Use: Scroll            |       |     4 |     7 ||    11
       Potion            |       |     1 |       ||     1
 Stab: Sleeping          |     1 |       |       ||     1
  Eat: Chunk             |     3 |     6 |    20 ||    29
       Fruit             |       |     2 |     1 ||     3
       Royal jelly       |       |       |     2 ||     2
Armor: Skin              |    37 |    50 |    62 ||   149
Dodge: Dodged            |    88 |    96 |   199 ||   383
